 Dungeon Crawl Stone Soup version 0.25-a0-942-g87a53962fc (webtiles) character file.

Game seed: 5371862992205131, levelgen mode: deterministic

19 tilp the Vexing (level 2, -1/18 HPs)
             Began as a Kobold Arcane Marksman on May 7, 2020.
             Succumbed to a worker ant's poison
             ... on level 2 of the Dungeon.
             The game lasted 00:02:55 (1817 turns).

tilp the Vexing (Kobold Arcane Marksman)            Turns: 1817, Time: 00:02:56

Health: -1/18      AC:  3    Str:  6 (7)  XL:     2   Next: 95%
Magic:  2/3        EV: 14    Int: 11 (14) God:
Gold:   30         SH:  0    Dex: 13 (15) Spells: 0/3 levels left

rFire    . . .     SeeInvis .   a - +0 hand crossbow
rCold    . . .     Gourm    .   (shield restricted)
rNeg     . . .     Faith    .   c - +0 leather armour
rPois    .         Spirit   .   (no helmet)
rElec    .         Reflect  .   (no cloak)
rCorr    .         Harm     .   (no gloves)
MR       .....                  (no boots)
Stlth    +.........             (no amulet)
HPRegen  0.06/turn              (no ring)
MPRegen  0.08/turn              (no ring)

@: mighty, lethally poisoned (-1 -> -23)
A: small, carnivore
a: no special abilities


You were on level 2 of the Dungeon.
You were very full.

You visited 1 branch of the dungeon, and saw 2 of its levels.

You collected 30 gold pieces.

Inventory:

Hand Weapons
 a - a +0 hand crossbow (weapon)
 b - a +0 dagger
Missiles
 d - 10 bolts (quivered)
Armour
 c - a +0 leather armour (worn)
Jewellery
 l - an uncursed ring of resist corrosion {unknown}
Scrolls
 e - a scroll of remove curse {unknown}
 h - a scroll of identify {unknown}
 k - a scroll of immolation {unknown}
Potions
 j - a potion of stabbing {unknown}
Comestibles
 f - 2 rations


   Skills:
 + Level 2.9 Fighting
 - Level 2.4 Crossbows
 - Level 2.4 Dodging
 - Level 1.1 Spellcasting
 - Level 3.0 Hexes


You couldn't memorise any spells.
You knew the following spells:

 Your Spells              Type           Power        Failure   Level  Hunger
a - Corona                Hex            #......      14%         1    ##.....
b - Slow                  Hex            #.......     22%         2    ###....

Your spell library contained the following spells:

 Spells                   Type           Power        Failure   Level  Hunger
 Inner Flame              Hex/Fire       #.......     63%         3    ####...
 Portal Projectile        Hex/Tloc       #.....       63%         3    ####...
 Cause Fear               Hex            #.........   82%         4    #####..
 Leda's Liquefaction      Hex/Erth       #.........   95%         4    #####..


Dungeon Overview and Level Annotations

Branches:
Dungeon (2/15)

Altars:


Innate Abilities, Weirdness & Mutations

You are small and have problems with some larger weapons.
You are carnivorous and can eat meat at any time.


Message History

Aim: a worker ant (almost dead, softly glowing)
You shoot a bolt.
The bolt hits the worker ant but does no damage.
The worker ant is almost dead.
The worker ant bites you.
* * * LOW HITPOINT WARNING * * *
You are more poisoned.
The worker ant poisons you! The worker ant bites you.
* * * LOW HITPOINT WARNING * * *
You are more poisoned.
The worker ant poisons you!
It was a potion of degeneration.
There was something very wrong with that liquid.
You feel weakened.
You feel dopey.
You feel clumsy.
* * * LOW HITPOINT WARNING * * *
You feel sick.
The worker ant stops glowing.
The worker ant closely misses you.
Unknown command.
It was a potion of might.
You feel very mighty all of a sudden.
You die...

#.... .#
#.... ?#
#.... .##
#.... #(.
#....
..###
######..##
...
..........
#a#
######....
#@# ##.##
#.# #.#
#.# #.#
##.## #.#
##.#.#####
#.# #...
#.###....#
#.# ###
..#
#..#.###.#
#.# #..
..# #.#.##
#.# #.#
#.# ..#
#### #<#.#
#.# #.#


You could see a worker ant.

Vanquished Creatures
  An ooze (D:2)
  3 bats
  3 hobgoblins
  2 frilled lizards
  3 goblins (D:1)
  A kobold (D:1)
  3 rats (D:2)
16 creatures vanquished.

Notes
Turn   | Place    | Note
-------+----------+-------------------------------------------
     0 | D:1      | tilp the Kobold Arcane Marksman began the quest for the
                  | Orb.
     0 | D:1      | Reached XP level 1. HP: 12/12 MP: 2/2
   321 | D:1      | Reached XP level 2. HP: 17/17 MP: 1/3
   347 | D:1      | Learned a level 2 spell: Slow
  1817 | D:2      | Succumbed to a worker ant's poison

Levels and vault maps discovered:
D:1:      dpeg_arrival_lava_temple_mockup, layout_basic
D:2:      layout_loops_ring, minmay_tiny_reverse_x

Skill      XL: |  1 |
---------------+----+-----
Fighting       | 2 |  2.9
Crossbows      | |  2.4
Dodging        | |  2.4
Spellcasting   | |  1.1
Hexes          | |  3.0

Action                   || total
-------------------------++-------
Melee: Dagger            ||    31
 Fire: Hand crossbow     ||    31
 Cast: Corona            ||    23
       Slow              ||     1
  Use: Potion            ||     2
  Eat: Chunk             ||    10
Armor: Leather armour    ||     8
Dodge: Dodged            ||    33

Table legend:
 A = Non-vault XP
 B = Vault XP
 C = Vault XP percentage of total XP
 D = Non-vault monster count
 E = Vault monster count
 F = Vault count percentage of total count
                 A         B        C        D         E       F
            +---------+---------+-------+---------+---------+-------
      Total |      28 |       0 |   0.0 |      16 |       0 |   0.0
            +---------+---------+-------+---------+---------+-------
        D:1 |      13 |       0 |   0.0 |       8 |       0 |   0.0
        D:2 |      15 |       0 |   0.0 |       8 |       0 |   0.0
            +---------+---------+-------+---------+---------+-------
